 Dungeon Crawl Stone Soup version 0.15-a0-1506-g1b030bc (webtiles) character file.

60 AvylaarBelgium the Firebug (level 3, -9/19 HPs)
             Began as a Deep Elf Fire Elementalist on June 15, 2014.
             Mangled by Sigmund
             ... wielding a +0,+0 scythe
              (11 damage)
             ... on Level 2 of the Dungeon.
             The game lasted 00:05:00 (965 turns).

AvylaarBelgium the Firebug (DEFE)                    Turns: 965, Time: 00:05:01

HP  -9/19        AC  3     Str  5      XL: 3   Next: 82%
MP   2/12        EV 13     Int 20      God:
Gold 42          SH  0     Dex 15      Spells:  2 memorised,  7 levels left

rFire  . . .     SeeInvis .     q - +3,+2 falchion (elec)
rCold  . . .     Clarity  .     a - +0 robe
rNeg   . . .     rCorr    +     (no shield)
rPois  .         rRot     .     (no helmet)
rElec  .         Spirit   .     (no cloak)
SustAb .         Warding  .     u - +0 pair of gloves
rMut   .         Stasis   .     (no boots)
Gourm  .                        h - amulet of resist corrosion
MR     .....                    (no ring)
                                (no ring)

@: not resistant to hostile enchantments, unstealthy
A: no striking features
a: no special abilities


You were on level 2 of the Dungeon.
You were not hungry.

You visited 1 branch of the dungeon, and saw 2 of its levels.

You collected 42 gold pieces.

Inventory:

Hand weapons
 d - a +0,+0 club
 k - a +0,+0 short sword
 q - a +3,+2 falchion of electrocution (weapon)
Missiles
 j - 3 tomahawks (quivered)
Armour
 a - a +0 robe (worn)
 u - a +0 pair of gloves (worn)
Magical devices
 p - a wand of confusion (8) {unknown}
Comestibles
 c - a bread ration
 r - a meat ration
Scrolls
 l - a scroll of immolation {unknown}
 o - a scroll of remove curse {unknown}
 s - a scroll of magic mapping {unknown}
 t - a scroll of identify {unknown}
Jewellery
 h - an amulet of resist corrosion (around neck)
Potions
 e - a potion of haste {unknown}
 g - a potion of curing {unknown}
 i - a potion of confusion {unknown}
 m - a potion of porridge
Books
 b - a book of Flames

   Spells                             Type                      Level
   *Flame Tongue                      Conjuration/Fire             1
   *Throw Flame                       Conjuration/Fire             2
   Conjure Flame                      Conjuration/Fire             3
   Inner Flame                        Hexes/Fire                   3
   Sticky Flame                       Conjuration/Fire             4
   Fireball                           Conjuration/Fire             5


   Skills:
 - Level 2.5 Dodging
 - Level 2.4 Stealth
 + Level 4.0 Spellcasting
 + Level 2.4 Conjurations
 + Level 4.1 Fire Magic


You had 7 spell levels left.
You knew the following spells:

 Your Spells              Type           Power        Failure   Level  Hunger
a - Flame Tongue          Conj/Fire      ###..        3%          1    None
b - Throw Flame           Conj/Fire      ###...       6%          2    #......


Dungeon Overview and Level Annotations

Branches:
Dungeon (2/15)

Altars:

Annotations:
D:2 Sigmund


Message History

Ouch! Something hits you. Something barely misses you.
You feel less confused.
Casting: Flame Tongue
Confirm with . or Enter, or press ? or * to list all spells.
You can't see any susceptible monsters within range! (Use Z to cast anyway.)
Casting: Flame Tongue
Confirm with . or Enter, or press ? or * to list all spells.
Aiming: Flame Tongue
Press: ? - help, Shift-Dir - straight line The flame tongue hits something.
Something hits you!
Ouch! That really hurt!
* * * LOW HITPOINT WARNING * * *
Casting: Flame Tongue
Confirm with . or Enter, or press ? or * to list all spells.
Aiming: Flame Tongue
Press: ? - help, Shift-Dir - straight line Something hits you!
Ouch! That really hurt!
You die...

#.....<.......####.#
#.............!.##.#
#.............#.##.#
.#.............#.(..####...
............................
##......#..##..####.#######
###.###....###.####.#######
....# #.#..##..........(...?
...####..#####..@....######
........##...##....###
...###.##.....##...#
...#...#....)..#...#
.......#.......'(..+
..>....#.......#%.(#
...######.....##...#
.....#####...###...#
..#....# ##### #...# #####


There were no monsters in sight!

Vanquished Creatures
  Terence (D:2)
  An adder (D:2)
  A worm (D:2)
  2 giant geckos
  2 giant cockroaches (D:1)
  5 hobgoblins
  2 jackals (D:1)
  3 bats (D:1)
  2 giant newts (D:2)
  3 goblins (D:1)
  5 kobolds
  7 rats
34 creatures vanquished.

Notes
Turn   | Place    | Note
--------------------------------------------------------------
     0 | D:1      | AvylaarBelgium, the Deep Elf Fire Elementalist, began the quest for the Orb.
     0 | D:1      | Reached XP level 1. HP: 10/10 MP: 5/5
    97 | D:1      | Reached XP level 2. HP: 13/15 MP: 3/8
   669 | D:2      | Reached XP level 3. HP: 17/19 MP: 8/11
   696 | D:2      | Noticed Sigmund
   725 | D:2      | Noticed Terence
   735 | D:2      | Killed Terence
   829 | D:2      | Learned a level 2 spell: Throw Flame
   843 | D:2      | Reached skill level 4 in Fire Magic
   965 | D:2      | Mangled by Sigmund

Action                   || total
-------------------------++-------
Melee: Club              ||    19
       Short sword       ||    13
       Falchion          ||     6
Throw: Tomahawk          ||    14
 Cast: Flame Tongue      ||    39
       Throw Flame       ||     5
  Use: Potion            ||     1
 Stab: Sleeping          ||     1
